Map: Arctic Dream LE

Players

FrosT - Winner!

  • Race: Protoss Protoss
  • League: Master
  • Spawn Location: 11:00

VlaykovBG - Winner!

  • Race: Zerg Zerg
  • League: Diamond
  • Spawn Location: 12:00

qqq

  • Race: Protoss Protoss
  • League: Platinum
  • Spawn Location: 6:00

Massa

  • Race: Terran Terran
  • League: Platinum
  • Spawn Location: 5:00

VOD

Have the link to the VOD?

Description

Time

  • Played on: Dec. 14, 2020, 12:47 p.m.
  • Length: 14:47
Show
View Real Time Build Order
Export as new Build Order

FrosT Protoss - Winner!

Build Orders: 1 Gate Expand, Phoenix Opening, Carriers 

Get SALT Encoding   

  12  0:00  Probe  
  13  0:12  Probe  
  14  0:17  Pylon  
  14  0:24  Probe  
  15  0:36  Probe  
  16  0:43  Gateway, Assimilator  
  16  0:49  Probe (Chrono Boost)  
  17  1:00  Probe (Chrono Boost)  
  18  1:05  Probe (Chrono Boost)  
  19  1:15  Probe  
  20  1:27  Probe  
  21  1:35  Nexus  
  21  1:41  Cybernetics Core  
  21  1:46  Probe  
  22  1:56  Pylon  
  22  1:58  Probe  
  23  2:09  Assimilator  
  23  2:14  Probe  
  24  2:26  Probe  
  24  2:28  Stargate  
  25  2:30  Pylon  
  25  2:39  Probe (Chrono Boost)  
  25  2:40  Assimilator  
  25  2:42  Assimilator  
  26  2:47  Probe (Chrono Boost)  
  26  2:49  Forge  
  26  2:51  Probe (Chrono Boost)  
  29  2:58  Probe (Chrono Boost)  
  29  2:59  Probe (Chrono Boost)  
  29  3:03  Probe (Chrono Boost)  
  29  3:05  Probe  
  32  3:13  Phoenix (Chrono Boost), Pylon  
  32  3:14  Probe  
  32  3:17  Probe  
  36  3:26  Probe  
  37  3:29  Probe  
  38  3:35  Phoenix (Chrono Boost)  
  38  3:38  Probe, Photon Cannon  
  42  3:41  Probe  
  42  3:44  Photon Cannon  
  42  3:50  Probe  
  42  3:53  Probe  
  42  3:54  Phoenix  
  46  4:02  Probe  
  47  4:05  Probe  
  47  4:08  Stargate  
  48  4:11  Pylon  
  48  4:14  Probe  
  48  4:17  Probe  
  48  4:22  Phoenix  
  51  4:26  Probe  
  51  4:31  Pylon  
  52  4:35  Probe  
  53  4:38  Probe  
  54  4:47  Probe, Phoenix  
  54  4:49  Protoss Air Weapons Level 1 (Chrono Boost)  
  54  4:50  Probe  
  58  4:54  Nexus  
  58  4:58  Pylon  
  58  5:00  Probe  
  58  5:02  Probe  
  60  5:12  Probe  
  61  5:15  Probe  
  61  5:20  Pylon, Fleet Beacon  
  62  5:24  Probe  
  62  5:27  Probe  
  64  5:36  Probe  
  64  5:39  Probe  
  64  5:41  Stargate  
  66  5:44  Photon Cannon, Pylon  
  66  5:47  Assimilator  
  66  5:48  Probe  
  67  5:51  Probe, Assimilator  
  68  6:00  Probe  
  68  6:03  Probe  
  70  6:10  Cybernetics Core  
  70  6:11  Probe  
  70  6:12  Probe  
  70  6:15  Probe  
  70  6:18  Carrier x2  
  85  6:24  Probe  
  85  6:25  Probe  
  87  6:27  Probe  
  88  6:36  Probe  
  88  6:37  Probe  
  88  6:39  Probe  
  91  6:43  Protoss Air Weapons Level 2 (Chrono Boost)  
  91  6:44  Pylon  
  91  6:47  Pylon  
  91  6:48  Probe  
  91  6:49  Probe  
  91  6:50  Pylon  
  91  6:51  Probe  
  91  6:53  Pylon  
  94  6:54  Pylon  
  94  6:56  Carrier  
  94  6:58  Pylon  
  100  7:05  Probe x3  
  100  7:08  Protoss Air Armor Level 1 (Chrono Boost)  
  103  7:12  Photon Cannon x2  
  103  7:14  Photon Cannon  
  103  7:16  Photon Cannon  
  107  7:23  Carrier  
  107  7:42  Carrier  
  113  7:50  Nexus, Assimilator  
  113  7:53  Assimilator  
  106  8:08  Carrier  
  112  8:27  Carrier  
  112  8:36  Probe x3  
  115  8:46  Carrier  
  115  8:48  Probe x3  
  124  8:50  Pylon  
  124  8:51  Protoss Air Armor Level 2 (Chrono Boost)  
  124  8:54  Pylon  
  124  8:57  Pylon  
  123  9:04  Probe x3  
  123  9:07  Probe  
  127  9:12  Carrier  
  127  9:15  Photon Cannon  
  127  9:16  Probe x2  
  135  9:18  Photon Cannon  
  135  9:20  Photon Cannon  
  135  9:23  Photon Cannon  
  135  9:26  Protoss Air Weapons Level 3 (Chrono Boost)  
  141  9:31  Carrier  
  141  9:36  Probe  
  141  9:45  Carrier  
  141  9:46  Photon Cannon  
  141  9:48  Photon Cannon  
  141  9:50  Photon Cannon  
  141  9:52  Shield Battery, Pylon  
  147  9:54  Shield Battery  
  147  9:57  Pylon  
  147  9:58  Stargate  
  147  10:00  Stargate  
  147  10:06  Carrier  
  147  10:07  Protoss Shields Level 1 (Chrono Boost)  
  147  10:11  Pylon x2  
  147  10:19  Twilight Council  
  153  10:25  Carrier  
  159  10:45  Photon Cannon, Carrier  
  159  10:48  Photon Cannon  
  165  10:50  Photon Cannon  
  165  10:51  Carrier x2  
  165  10:52  Photon Cannon x2  
  177  11:11  Nexus  
  177  11:15  Pylon  
  177  11:19  Pylon  
  177  11:22  Pylon  
  177  11:26  Pylon  
  177  11:28  Pylon  
  177  11:33  Carrier x2  
  177  11:34  Assimilator  
  177  11:35  Protoss Air Armor Level 3 (Chrono Boost)  
  177  11:38  Assimilator  
  189  11:56  Photon Cannon  
  189  11:57  Photon Cannon  
  189  11:59  Photon Cannon  
  189  12:00  Photon Cannon  
  189  12:02  Photon Cannon  
  189  12:04  Photon Cannon  
  189  12:06  Photon Cannon  
  189  12:07  Protoss Shields Level 2 (Chrono Boost)  
  189  12:10  Photon Cannon  
  189  12:13  Photon Cannon  
  189  12:14  Photon Cannon  
  189  12:26  Shield Battery  
  189  12:28  Shield Battery  
  189  12:39  Carrier  
  195  12:48  Tempest x2  
  181  13:14  Carrier  
  181  13:15  Carrier  
  181  13:31  Carrier (Chrono Boost)  
  181  13:38  Carrier (Chrono Boost)  
  181  13:43  Carrier (Chrono Boost)  
Show
View Real Time Build Order
Export as new Build Order

VlaykovBG Zerg - Winner!

Build Orders: Pool First, Lurkers 

Get SALT Encoding   

  12  0:00  Drone  
  13  0:28  Drone  
  14  0:29  Spawning Pool  
  14  0:33  Drone  
  14  0:38  Overlord  
  14  0:46  Extractor, Drone  
  14  0:56  Drone  
  15  1:22  Hatchery, Zergling x4  
  16  1:34  Queen  
  18  2:10  Queen  
  18  2:37  Roach Warren  
  18  2:39  Drone  
  18  2:40  Drone x2  
  20  2:45  Queen  
  22  2:59  Zergling x8  
  22  3:02  Queen  
  27  3:23  Queen  
  26  3:33  Drone x2  
  28  3:37  Overlord x2  
  28  3:49  Extractor  
  28  3:50  Drone  
  28  3:56  Drone x3  
  31  4:04  Drone x3  
  31  4:05  Drone  
  35  4:11  Drone  
  36  4:18  Drone x2  
  36  4:24  Drone  
  39  4:26  Drone  
  40  4:32  Lair  
  40  4:37  Drone  
  41  4:38  Drone  
  42  4:45  Evolution Chamber  
  42  4:46  Spore Crawler  
  42  4:51  Spore Crawler  
  39  5:09  Drone  
  39  5:10  Drone x4  
  39  5:11  Overlord  
  39  5:12  Overlord  
  44  5:16  Zerg Missile Weapons Level 1  
  43  5:51  Drone x2  
  43  5:52  Drone x6, Hydralisk Den  
  43  5:54  Extractor  
  43  5:55  Extractor  
  48  6:07  Drone x3  
  48  6:09  Drone x3  
  54  6:19  Glial Reconstitution  
  54  6:23  Muscular Augments  
  54  6:25  Drone  
  55  6:27  Lurker Den  
  54  6:42  Hatchery  
  54  6:43  Hydralisk  
  54  6:44  Hydralisk x2  
  59  6:51  Overlord x3  
  59  6:52  Pneumatized Carapace, Overlord  
  59  7:03  Drone  
  59  7:05  Evolution Chamber  
  59  7:06  Drone  
  60  7:10  Infestation Pit  
  60  7:13  Hydralisk x5  
  69  7:23  Drone  
  70  7:30  Lurker x3  
  73  7:37  Zerg Missile Weapons Level 2  
  73  7:41  Zergling x2  
  73  7:42  Zergling x12  
  80  7:47  Lurker  
  82  7:58  Lurker  
  82  8:00  Drone  
  82  8:01  Drone x8  
  91  8:43  Drone x3  
  91  8:44  Drone x4  
  91  8:45  Extractor  
  91  8:46  Spore Crawler  
  91  8:47  Extractor  
  95  8:49  Spine Crawler  
  95  8:51  Lurker x3  
  95  8:54  Hive  
  97  9:01  Zerg Ground Armor Level 1  
  97  9:02  Grooved Spines  
  97  9:09  Drone  
  98  9:15  Metabolic Boost  
  93  9:30  Drone x2  
  93  9:31  Drone x3  
  96  9:52  Overseer  
  96  9:53  Overseer  
  96  10:07  Hatchery  
  95  10:24  Drone x3  
  95  10:26  Overlord x2  
  95  10:27  Overlord x15  
  98  10:29  Overseer  
  98  10:37  Seismic Spines  
  98  10:39  Zerg Missile Weapons Level 3  
  98  10:44  Adrenal Glands  
  98  10:54  Hatchery  
  94  11:24  Zergling x2  
  94  11:25  Hydralisk x6, Zergling x30  
  112  11:26  Hydralisk x5, Zergling x10  
  112  11:27  Zergling x2  
  138  11:34  Adaptive Talons  
  138  11:45  Zerg Ground Armor Level 2  
  138  11:54  Drone x2  
  138  11:55  Evolution Chamber  
  138  11:58  Ultralisk Cavern  
  138  12:03  Nydus Network  
  103  12:51  Hydralisk x4, Zergling x4, Ultralisk x2  
  84  12:52  Hydralisk x3, Zergling x8, Ultralisk x4  
  84  12:53  Zergling x10  
  84  12:54  Zergling x6  
  142  13:06  Hatchery  
  141  13:24  Overlord x7  
  141  13:26  Overlord x2  
  141  14:16  Hatchery  
  137  14:44  Extractor  
  137  14:45  Extractor, Spore Crawler  
Show
View Real Time Build Order
Export as new Build Order

qqq Protoss 

Build Orders:  

Get SALT Encoding   

  12  0:00  Probe  
  13  0:12  Probe  
  14  0:25  Probe  
  15  0:36  Pylon  
  15  0:54  Probe  
  15  0:55  Forge  
  16  1:06  Probe  
  17  1:16  Pylon  
  17  1:17  Pylon  
  17  1:19  Pylon  
  17  1:29  Probe  
  18  1:38  Photon Cannon  
  18  1:41  Probe  
  19  1:52  Photon Cannon  
  19  2:06  Photon Cannon  
  19  2:28  Pylon  
  19  2:32  Pylon  
  19  2:39  Pylon  
  19  2:46  Photon Cannon  
  19  2:48  Nexus  
  19  2:52  Photon Cannon  
  19  2:58  Pylon  
  19  3:02  Probe  
  19  3:14  Probe  
  20  3:29  Probe  
  20  3:33  Gateway  
  21  3:38  Photon Cannon  
  21  3:41  Probe, Assimilator  
  22  3:49  Assimilator  
  22  3:53  Probe  
  23  3:56  Photon Cannon  
  24  4:05  Probe (Chrono Boost)  
  24  4:06  Probe (Chrono Boost)  
  27  4:17  Probe (Chrono Boost)  
  27  4:20  Probe (Chrono Boost)  
  27  4:22  Cybernetics Core  
  27  4:27  Probe  
  27  4:29  Pylon  
  29  4:38  Probe  
  29  4:39  Probe  
  29  4:44  Photon Cannon  
  30  4:50  Probe  
  31  4:56  Probe  
  31  4:59  Stargate  
  32  5:07  Stargate  
  32  5:09  Probe  
  32  5:10  Probe  
  28  5:37  Probe x2  
  30  5:49  Probe x2, Pylon  
  32  5:57  Fleet Beacon  
  32  6:01  Probe  
  31  6:07  Pylon  
  31  6:10  Phoenix  
  33  6:15  Probe  
  33  6:18  Photon Cannon  
  34  6:20  Probe  
  35  6:30  Probe  
  35  6:32  Probe  
  33  6:41  Anion Pulse-Crystals (Chrono Boost)  
  33  6:42  Probe  
  33  6:44  Probe  
  35  6:54  Probe  
  36  6:56  Probe  
  37  7:02  Phoenix  
  37  7:06  Probe  
  39  7:08  Probe  
  39  7:12  Photon Cannon  
  40  7:18  Probe  
  40  7:19  Phoenix  
  40  7:20  Probe  
  44  7:30  Probe  
  44  7:31  Assimilator  
  44  7:32  Probe  
  44  7:34  Assimilator  
  46  7:41  Pylon  
  46  7:42  Probe  
  47  7:45  Probe  
  46  7:52  Protoss Air Weapons Level 1 (Chrono Boost)  
  43  8:09  Phoenix  
  43  8:10  Probe x2  
  47  8:22  Probe  
  47  8:23  Nexus  
  47  8:24  Tempest  
  47  8:26  Pylon  
  53  8:34  Probe  
  53  8:38  Photon Cannon  
  53  8:39  Tempest  
  59  8:52  Photon Cannon  
  59  9:05  Pylon  
  59  9:07  Tempest  
  59  9:08  Robotics Facility  
  64  9:22  Tempest  
  69  9:33  Pylon  
  69  9:35  Probe  
  69  9:37  Pylon  
  70  9:47  Probe  
  70  9:49  Tempest  
  70  9:51  Nexus  
  76  9:59  Probe, Photon Cannon  
  77  10:05  Tempest  
  82  10:08  Observer  
  82  10:11  Probe  
  84  10:23  Probe (Chrono Boost)  
  84  10:28  Photon Cannon  
  85  10:29  Observer  
  85  10:30  Assimilator  
  85  10:32  Tempest  
  85  10:35  Probe (Chrono Boost), Assimilator  
  92  10:40  Probe (Chrono Boost)  
  93  10:46  Void Ray, Protoss Air Armor Level 1 (Chrono Boost)  
  93  10:49  Probe  
  98  11:02  Probe  
  98  11:03  Probe  
  100  11:05  Pylon  
  100  11:10  Pylon  
  100  11:14  Probe  
  100  11:15  Probe  
  102  11:26  Probe  
  102  11:27  Probe  
  104  11:33  Tempest  
  104  11:36  Carrier  
  104  11:38  Probe  
  104  11:39  Probe  
  117  11:50  Probe  
  117  11:51  Observer, Probe  
  120  11:56  Assimilator  
  120  12:00  Assimilator  
  120  12:02  Probe  
  120  12:03  Probe  
  122  12:12  Observer  
  122  12:14  Probe  
  124  12:15  Probe  
  124  12:16  Phoenix  
  127  12:22  Stargate  
  127  12:25  Pylon  
  127  12:26  Probe  
  127  12:27  Probe, Pylon  
  128  12:38  Probe  
  128  12:40  Probe, Phoenix  
  94  13:11  Tempest x2  
  82  13:54  Tempest x2  
  80  14:00  Tempest  
  93  14:13  Stargate  
Show
View Real Time Build Order
Export as new Build Order

Massa Terran 

Build Orders:  

Get SALT Encoding   

  12  0:00  SCV  
  13  0:12  SCV  
  14  0:17  Supply Depot  
  14  0:24  SCV  
  15  0:38  SCV  
  15  0:40  Barracks  
  16  0:46  Refinery  
  16  0:50  SCV  
  17  0:57  Supply Depot  
  17  1:02  SCV  
  18  1:15  SCV  
  19  1:27  SCV  
  19  1:30  Barracks  
  20  1:37  Marine  
  21  1:42  Refinery, Orbital Command  
  21  1:53  Factory  
  21  1:56  Marine  
  22  2:09  SCV  
  22  2:14  Marine  
  24  2:19  Engineering Bay  
  24  2:21  Barracks Tech Lab  
  24  2:22  SCV  
  25  2:33  Barracks Tech Lab, Barracks  
  25  2:34  SCV  
  26  2:41  Marine, Stimpack  
  27  2:44  Widow Mine  
  29  2:54  Supply Depot  
  29  2:56  Supply Depot  
  29  2:58  Marine  
  30  3:13  SCV  
  30  3:16  Widow Mine  
  30  3:18  Terran Infantry Weapons Level 1  
  33  3:20  Marine  
  33  3:25  Marine  
  33  3:27  Marine  
  36  3:38  Widow Mine  
  38  3:51  Command Center, Combat Shield  
  38  3:54  Marine  
  39  3:59  Widow Mine  
  39  4:00  SCV  
  40  4:28  Missile Turret  
  38  4:32  Missile Turret  
  38  4:35  Marine x2, Missile Turret  
  38  4:37  Barracks Reactor  
  40  4:45  Starport  
  40  4:48  Barracks  
  40  4:51  Factory Reactor  
  40  4:53  Marine  
  40  4:59  SCV  
  42  5:07  Marine  
  42  5:11  SCV, Marine  
  42  5:12  Terran Infantry Armor Level 1, Concussive Shells  
  45  5:15  Marine  
  45  5:16  Marine  
  48  5:21  SCV  
  48  5:23  SCV  
  48  5:27  Missile Turret  
  49  5:33  Orbital Command  
  49  5:39  Medivac  
  51  5:43  Marine x3  
  51  5:49  Supply Depot  
  54  6:02  Missile Turret  
  54  6:06  Marine x2  
  54  6:07  Barracks Reactor  
  54  6:09  Marine x2  
  58  6:15  Starport Reactor  
  58  6:18  Widow Mine  
  60  6:20  SCV  
  60  6:24  Marine x2  
  60  6:25  Widow Mine  
  65  6:27  Marine x2  
  67  6:34  Armory  
  67  6:41  Marine  
  67  6:42  SCV, Marine  
  70  6:48  Supply Depot  
  70  6:50  Supply Depot  
  70  7:05  Engineering Bay  
  70  7:09  SCV, Marine x3  
  70  7:10  Widow Mine x2  
  70  7:12  SCV, Marine x2, Medivac  
  70  7:13  Missile Turret  
  83  7:17  Marine  
  84  7:24  SCV  
  84  7:27  Marine  
  86  7:36  Command Center  
  86  7:51  Terran Infantry Armor Level 2  
  86  7:52  Terran Infantry Weapons Level 2  
  86  8:03  Supply Depot  
  86  8:12  SCV x2  
  86  8:16  Marine  
  86  8:18  Marine  
  83  8:24  SCV x2  
  63  8:36  SCV  
  63  8:41  Marauder x2, Marine  
  60  8:42  Marine  
  62  8:53  Factory Tech Lab, Medivac x2  
  66  8:56  Refinery  
  66  8:57  Refinery  
  66  9:02  Marauder  
  68  9:04  SCV x2  
  68  9:05  Barracks, Factory  
  70  9:10  Marauder, Marine x2  
  70  9:16  SCV  
  70  9:17  SCV  
  74  9:24  Marauder  
  76  9:28  SCV  
  76  9:29  Medivac x2  
  76  9:30  Orbital Command  
  81  9:31  SCV  
  82  9:41  SCV  
  82  9:43  SCV  
  82  9:57  Thor  
  82  9:59  Factory Tech Lab  
  88  10:10  Refinery x2  
  88  10:12  Command Center  
  88  10:14  Marauder x2  
  88  10:15  Marine x4  
  96  10:33  Marine x4  
  96  10:35  Thor  
  106  10:36  Marauder  
  108  10:49  Supply Depot  
  108  10:50  Marine  
  108  10:52  Supply Depot x3  
  108  10:53  Supply Depot  
  109  11:11  Marauder, Marine  
  109  11:13  Thor  
  109  11:14  Supply Depot  
  109  11:15  Smart Servos, Supply Depot  
  109  11:17  Drilling Claws, Supply Depot  
  109  11:18  Thor  
  124  11:19  Supply Depot  
  124  11:20  Supply Depot  
  124  11:33  Factory  
  124  11:35  Factory  
  124  11:38  Command Center  
  124  11:39  Supply Depot  
  124  12:05  Planetary Fortress  
  124  12:07  SCV x2  
  124  12:08  SCV  
  127  12:17  Marine  
  127  12:18  Marauder x2, Marine x3  
  127  12:19  SCV  
  127  12:20  SCV x2  
  138  12:27  Liberator x2  
  142  12:31  SCV  
  142  12:35  Marine  
  142  12:36  Marine x2  
  146  12:39  Marauder  
  139  12:46  Marauder, Marine  
  138  12:53  Marine x2  
  138  12:54  Marine  
  141  12:59  Thor x2  
  151  13:18  Missile Turret  
  114  13:37  Marine  
  114  13:38  Marine x5  
  94  13:41  Thor  
  83  13:53  SCV x4  
  82  13:55  Factory Tech Lab  
  82  13:56  Factory Tech Lab, Marine  
  82  14:05  SCV x4  
  82  14:07  Missile Turret  
  79  14:14  Marine  
  82  14:17  SCV  
  82  14:21  Barracks  
  82  14:29  Refinery  
Tags
 
Add a new tag
Caveats
  • Supply blocks, unpowered buildings, or Contaminate may cause inaccurate times.
  • Supply counts are checked every 10 seconds.